 Dungeon Crawl Stone Soup version 0.31.0-9-g3a7656b989 (webtiles) character file.

Game seed: 14313733391077648083

76 qw the Shooter (level 4, -1/22 HPs)
             Began as a Spriggan Hunter on Feb 2, 2024.
             Slain by Robin
             ... wielding a +0 spear
              (6 damage)
             ... on level 2 of the Dungeon.
             The game lasted 00:00:04 (761 turns).

qw the Shooter (Spriggan Hunter)                     Turns: 761, Time: 00:00:05

Health: -1/22      AC:  2    Str:  7    XL:     4   Next: 12%
Magic:  5/5        EV: 19    Int: 10    God:
Gold:   79         SH:  0    Dex: 20    Spells: 3/3 levels left

rFire   . . .        a - +0 shortbow
rCold   . . .        (shield currently unavailable)
rNeg    . . .        c - +0 robe
rPois   .            (helmet restricted)
rElec   .            (no cloak)
rCorr   .            (gloves unavailable)
SInv    +            (boots unavailable)
Will    .....        (no amulet)
Stlth   ++           (no ring)
HPRegen 0.23/turn    (no ring)
MPRegen 0.09/turn

%: no passive effects
@: very quick
A: very small, no large weapons, unfitting armour, see invisible, speed 3
a: no special abilities


You were on level 2 of the Dungeon.
You visited 1 branch of the dungeon, and saw 2 of its levels.

You collected 79 gold pieces.


Innate Abilities, Weirdness & Mutations

You are very small and have problems with some larger weapons.
You are too small for most types of armour.
You have supernaturally acute eyesight. (SInv)
You cover ground extremely quickly. (Speed+++)


   Skills:
 - Level 1.5 Fighting
 - Level 5.1 Ranged Weapons
 + Level 4.2 Dodging
 - Level 1.5 Stealth


You had 3 spell levels left.
You didn't know any spells.
Your spell library was empty.

Inventory:

Hand Weapons
 a - a +0 shortbow (weapon)
Armour
 c - a +0 robe (worn)
Scrolls
 b - a scroll of teleportation {unknown}
Potions
 g - a potion of might

Dungeon Overview and Level Annotations

Branches:
Dungeon (2/15)

Altars:

Annotations:
D:2 Robin


Message History

The goblin hits you but does no damage.
You shoot an arrow. The goblin shouts!
The arrow hits the goblin!
You kill the goblin!
The kobold barely misses you.
A goblin comes into view. It is wielding a +0 dagger.
Robin throws the goblin at you!
You shoot an arrow. The arrow barely misses the goblin.
The goblin shouts!
The kobold closely misses you. The goblin completely misses you.
A hobgoblin comes into view.
The hobgoblin misses you. Robin throws the goblin at you!
You shoot an arrow.
The arrow hits the hobgoblin but does no damage.
The hobgoblin is lightly wounded.
The goblin closely misses you. The kobold completely misses you.
The goblin hits you with a +0 dagger. The hobgoblin barely misses you.
The hobgoblin hits you.
You shoot an arrow. The arrow hits the hobgoblin.
The hobgoblin is almost dead.
A goblin comes into view. It is wielding a +0 club.
The kobold completely misses you. The goblin completely misses you.
The hobgoblin closely misses you. The goblin hits you with a +0 dagger.
Robin says, "A pitiful Spriggan like you will never find the ORB!"
The hobgoblin completely misses you.
You shoot an arrow. The arrow hits the hobgoblin.
You kill the hobgoblin!
The goblin hits you with a +0 dagger. The goblin misses you.
The kobold hits you with a +0 short sword.
The hobgoblin closely misses you.
You shoot an arrow. The arrow closely misses the goblin.
The goblin misses you. The goblin hits you but does no damage.
The kobold completely misses you. Robin closely misses you.
The hobgoblin closely misses you.
You shoot an arrow. The arrow barely misses the goblin.
The goblin hits you with a +0 dagger. x2; The kobold completely misses you.
Robin hits you from afar with a +0 spear.
You die...
Robin lets out a smug laugh.

... #.# .). ###g# ..g##
## ##.g.## ##...
##.%K..# #.... #..g@g#
##...## ##.#g##
####.....##### #.#
#.#.......#.####.#
.............#.#.####
...............)....#
.......%.....#.#.##.....
#.......#.####.# ####
##...))#### #.#


You could see Robin, 2 hobgoblins, 3 goblins and a kobold.

Vanquished Creatures
  3 gnolls (D:2)
  An adder (D:2)
  A dart slug (D:1)
  A ball python (D:2)
  An endoplasm (D:1)
  A giant cockroach (D:1)
  5 goblins
  2 hobgoblins
  6 jackals (D:1)
  6 bats
  2 frilled lizards (D:1)
  6 rats
35 creatures vanquished.

Notes
Turn   | Place    | Note
-------+----------+-------------------------------------------
     0 | D:1      | qw the Spriggan Hunter began the quest for the Orb.
     0 | D:1      | Reached XP level 1. HP: 10/10 MP: 2/2
     0 | D:1      | 0 ||| qw: Version: 0.3-a-155-g5e7d8dd
     0 | D:1      | 0 ||| qw: Game counter: 2856
     0 | D:1      | 0 ||| qw: Melee chars always use a shield: true
     0 | D:1      | 0 ||| qw: God list: Okawaru
     0 | D:1      | 0 ||| qw: Allow faded altars: false
     0 | D:1      | 0 ||| qw: Do Orc after clearing Dungeon:15 true
     0 | D:1      | 0 ||| qw: Do second Lair branch before Depths: true
     0 | D:1      | 0 ||| qw: Lair rune preference: random
     0 | D:1      | 0 ||| qw: Goals: Normal
     0 | D:1      | 0 ||| PLANNING D:1-11
   105 | D:1      | Reached skill level 3 in Dodging
   176 | D:1      | Reached XP level 2. HP: 14/14 MP: 3/3
   552 | D:1      | 552 ||| DROPPING ring of wizardry.
   553 | D:1      | 553 ||| READING 3 scrolls labelled AWKEDODD YNUENWI.
   553 | D:1      | 553 ||| IDENTIFYING brown potion
   554 | D:1      | 554 ||| READING 2 scrolls of identify.
   554 | D:1      | 554 ||| IDENTIFYING viscous white potion
   555 | D:1      | 555 ||| READING scroll of identify.
   555 | D:1      | 555 ||| IDENTIFYING white potion
   556 | D:1      | 556 ||| READING scroll labelled PEYXYPA HALLI.
   557 | D:1      | 557 ||| READING scroll labelled FOICAI CIOLU.
   558 | D:1      | 558 ||| READING scroll labelled MAMYZU SELIC.
   585 | D:1      | 585 ||| DROPPING scroll of butterflies.
   586 | D:1      | 586 ||| DROPPING potion of lignification.
   587 | D:1      | 587 ||| DROPPING potion of attraction.
   605 | D:2      | Reached XP level 3. HP: 18/18 MP: 4/4
   636 | D:2      | HP: 4/18 [gnoll/+0 spear (7)]
   637 | D:2      | HP: 1/18 [gnoll/+0 spear (3)]
   641 | D:2      | Reached skill level 5 in Ranged Weapons
   641 | D:2      | Reached XP level 4. HP: 3/22 MP: 5/5
   646 | D:2      | 646 ||| FLEEEEING.
   647 | D:2      | 647 ||| FLEEEEING.
   648 | D:2      | 648 ||| FLEEEEING.
   649 | D:2      | 649 ||| FLEEEEING.
   651 | D:2      | 651 ||| FLEEEEING.
   652 | D:2      | 652 ||| FLEEEEING.
   750 | D:2      | Noticed Robin
   761 | D:2      | HP: 5/22 [goblin/+0 dagger[Robin] (2)]
   761 | D:2      | Slain by Robin

Levels and vault maps discovered:
D:1:      eino_arrival_water_star, layout_rooms, minmay_distorted
D:2:      layout_loops_ring, nicolae_figureground_sparkle,
          uniq_crazy_yiuf_cottage, uniq_robin

Skill      XL: |  1  2  3 |
---------------+----------+-----
Dodging        | 3 4 |  4.2
Ranged Weapons | 5 |  5.1
Fighting       | |  1.5
Stealth        | |  1.5

Action                     |  1- 3 |  4- 6 || total
---------------------------+-------+-------++-------
   Fire: Shortbow          |    83 |    16 ||    99
    Use: Scroll            |     6 |       ||     6
 Armour: Robe              |    12 |    13 ||    25
  Dodge: Dodged            |    52 |    20 ||    72

Table legend:
 A = Non-vault XP
 B = Vault XP
 C = Vault XP percentage of total XP
 D = Non-vault monster count
 E = Vault monster count
 F = Vault count percentage of total count
                 A         B        C        D         E       F
            +---------+---------+-------+---------+---------+-------
      Total |      95 |      14 |  12.8 |      27 |       8 |  22.9
            +---------+---------+-------+---------+---------+-------
        D:1 |      32 |       4 |  11.1 |      19 |       3 |  13.6
        D:2 |      63 |      10 |  13.7 |       8 |       5 |  38.5
            +---------+---------+-------+---------+---------+-------
